 Dungeon Crawl Stone Soup version 0.20.2-3-g29329e0561 (webtiles) character file.

5320 Alfie the Carver (level 10, -2/88 HPs)
             Began as a Minotaur Fighter on Sept 1, 2020.
             Slain by an ice dragon (7 damage)
             ... on level 2 of the Lair of Beasts.
             The game lasted 00:16:52 (7059 turns).

Alfie the Carver (Minotaur Fighter)                 Turns: 7059, Time: 00:16:52

Health: -2/88      AC: 12    Str: 23    XL:     10   Next: 38%
Magic:  9/9        EV: 11    Int:  5    God:
Gold:   408        SH: 12    Dex: 11    Spells: 9/9 levels left

rFire    . . .     SeeInvis .   a - +2 long sword
rCold    + . .     Gourm    .   c - +0 shield
rNeg     . . .     Faith    .   b - +1 scale mail
rPois    .         Spirit   .   (helmet restricted)
rElec    .         Reflect  .   (no cloak)
rCorr    .         Harm     +   e - +2 pair of gloves
MR       .....                  (no boots)
Stlth    ..........             r - amulet of harm
Regen    0.3/turn               i - ring of protection from cold
MPRegen  0.2/turn               (no ring)

@: no status effects
A: retaliatory headbutt, horns 2
a: no special abilities


You were on level 2 of the Lair of Beasts.
You were not hungry.

You visited 2 branches of the dungeon, and saw 10 of its levels.

You collected 473 gold pieces.
You spent 65 gold pieces at shops.

Inventory:

Hand Weapons
 a - a +2 long sword (weapon)
Armour
 b - a +1 scale mail (worn)
 c - a +0 shield (worn)
 e - a +2 pair of gloves (worn)
Jewellery
 i - a ring of protection from cold (left hand)
 r - an amulet of harm (around neck)
 u - an uncursed ring of stealth {unknown}
 x - an uncursed ring of magical power {unknown}
 y - an uncursed ring of ice {unknown}
 A - a +4 ring of strength {unknown}
 D - a +4 ring of intelligence {unknown}
Wands
 h - a wand of confusion (26/48)
 k - a wand of iceblast (6/15)
 m - a wand of confusion (19/48)
 v - a wand of polymorph (17/24)
 B - a wand of enslavement (12/24)
 E - a wand of flame (21/48)
 F - a wand of confusion (25/48)
Scrolls
 j - a scroll of identify
 p - a scroll of magic mapping
 s - a scroll of recharging
 t - a scroll of blinking
 w - 2 scrolls of remove curse
 G - a scroll of fear {unknown}
Potions
 d - 2 potions of might
 g - 2 potions of curing
 l - 2 potions of brilliance
 n - 2 potions of flight
 z - a potion of mutation {unknown}
 C - a potion of cancellation {unknown}
Comestibles
 f - 8 bread rations
 o - 7 royal jellies
 q - 5 meat rations
 H - 4 fruits


   Skills:
 + Level 7.7 Fighting
 + Level 11.4 Long Blades
 + Level 8.6 Armour
 + Level 4.1 Dodging
 + Level 1.4 Stealth
 + Level 9.6 Shields


You had 9 spell levels left.
You didn't know any spells.

Dungeon Overview and Level Annotations

Branches:
Dungeon (8/15)             Temple (0/1) D:4            Lair (2/6) D:8
  Swamp: Lair:2-4    Shoals: Lair:2-4     Snake: Lair:2-4    Spider: Lair:2-4

Altars:
Ashenzari
Dithmenos
Kikubaaqudgha
Ru

Shops:
D:6 %


Innate Abilities, Weirdness & Mutations

You reflexively headbutt those who attack you in melee.
You have a pair of horns on your head.


Message History

You stumble backwards!
You closely miss the ice dragon. Your headbutt misses the ice dragon.
The ice dragon is severely wounded.
The ice dragon barely misses you.
You riposte.
You hit the ice dragon but do no damage.
The ice dragon is severely wounded.
The ice dragon closely misses you. The ice dragon tramples you!
* * * LOW HITPOINT WARNING * * *
You hold your ground!
You hit the ice dragon.
The ice dragon is severely wounded.
You hit the ice dragon.
The ice dragon is almost dead.
The ice dragon breathes frost at you. The blast of cold hits you! You resist.
* * * LOW HITPOINT WARNING * * *
You hit the ice dragon. Your headbutt misses the ice dragon.
The ice dragon is almost dead.
You block the ice dragon's attack. The ice dragon claws you.
You die...

#.####.##.......
#.# #..........
#.# ####.......
##.# #.......
#..# #.......
#.## #.......
#.# #.......
##.# #.......
#@.# #.......
##D.## #.......
##....##
#.......
#..†...#
#.......
##......#
#!......
#.......#
#.......
#........#
#.......
#≈≈...(..#
#.......
#≈≈≈.....#
#.......


You could see an ice dragon.

Vanquished Creatures
  The ghost of Alfie the Carver, a novice MiFi (D:8)
  Psyche (D:8)
  Joseph (D:7)
  A torpor snail (D:8)
  A komodo dragon (D:8)
  2 hippogriffs
  A spriggan (D:7)
  5 yaks
  A water moccasin (Lair:1)
  A porcupine (Lair:1)
  2 centaurs (D:8)
  An ogre (D:5)
  3 crocodiles (Lair:1)
  6 bullfrogs
  A scorpion (D:6)
  4 wights (D:7)
  A vampire bat (D:6)
  5 howler monkeys
  A jelly (D:7)
  5 crimson imps
  A centaur zombie (D:4)
  2 hounds (D:8)
  2 orc priests
  4 orc wizards
  3 worker ants
  A worker ant zombie (D:5)
  10 adders
  4 gnolls
  4 shadow imps
  An adder skeleton (D:6)
  4 worms
  A dart slug (D:1)
  6 leopard geckos
  10 orcs
  3 ball pythons
  10 bats
  4 bat skeletons (D:6)
  A bat zombie (D:6)
  4 giant cockroaches
  3 goblins
  6 hobgoblins
  4 jackals
  6 kobolds
  6 quokkas
  6 frilled lizards
  2 quokka zombies
  5 rats
  2 plants (D:8)
159 creatures vanquished.

Vanquished Creatures (others)
  A plant (D:8)
1 creature vanquished.

Grand Total: 160 creatures vanquished

Notes
Turn   | Place    | Note
-------+----------+-------------------------------------------
     0 | D:1      | Alfie the Minotaur Fighter began the quest for the Orb.
     0 | D:1      | Reached XP level 1. HP: 19/19 MP: 0/0
   321 | D:1      | Reached XP level 2. HP: 23/27 MP: 1/1
   402 | D:1      | Found a shattered altar of Ashenzari.
   867 | D:2      | Reached XP level 3. HP: 7/33 MP: 2/2
  1164 | D:2      | Reached skill level 3 in Long Blades
  1294 | D:2      | Reached XP level 4. HP: 40/40 MP: 3/3
  1916 | D:3      | Reached skill level 5 in Shields
  1916 | D:3      | Reached XP level 5. HP: 34/46 MP: 4/4
  1922 | D:3      | Reached skill level 1 in Dodging
  2388 | D:4      | Reached skill level 4 in Long Blades
  2613 | D:4      | Found a staircase to the Ecumenical Temple.
  2722 | D:4      | Reached skill level 5 in Armour
  2722 | D:4      | Reached XP level 6. HP: 42/52 MP: 5/5
  2884 | D:4      | Reached skill level 5 in Long Blades
  2949 | D:5      | Entered Level 5 of the Dungeon
  3008 | D:5      | Reached XP level 7. HP: 57/60 MP: 6/6
  3087 | D:5      | Found a sacrificial altar of Ru.
  3726 | D:6      | Found Ragonk's Food Emporium.
  3731 | D:6      | Reached skill level 6 in Long Blades
  3746 | D:6      | Bought a meat ration for 65 gold pieces
  3908 | D:6      | Found an ancient bone altar of Kikubaaqudgha.
  4038 | D:6      | Reached skill level 1 in Stealth
  4059 | D:6      | Reached skill level 5 in Fighting
  4346 | D:7      | Noticed Joseph
  4358 | D:7      | HP: 3/61 [Joseph/uncursed quarterstaff of draining (20)]
  4361 | D:7      | Killed Joseph
  4361 | D:7      | Reached skill level 7 in Long Blades
  4361 | D:7      | Reached XP level 8. HP: 2/68 MP: 7/7
  4503 | D:7      | Reached skill level 8 in Long Blades
  4676 | D:7      | Noticed a hippogriff
  4687 | D:7      | Killed a hippogriff
  4803 | D:7      | Reached skill level 9 in Long Blades
  5105 | D:7      | Reached XP level 9. HP: 75/75 MP: 8/8
  5218 | D:8      | Found a staircase to the Lair.
  5219 | D:8      | Noticed a komodo dragon
  5254 | D:8      | Killed a komodo dragon
  5268 | D:8      | Noticed Psyche
  5281 | D:8      | Killed Psyche
  5319 | D:8      | Reached skill level 10 in Long Blades
  5777 | D:8      | Found a shadowy altar of Dithmenos.
  5851 | D:8      | Noticed Alfie's ghost (novice MiFi)
  5885 | D:8      | Killed Alfie's ghost
  6230 | Lair:1   | Entered Level 1 of the Lair of Beasts
  6230 | Lair:1   | Noticed a torpor snail
  6249 | D:8      | Reached XP level 10. HP: 30/86 MP: 9/9
  6278 | D:8      | Killed a torpor snail
  6278 | D:8      | Reached skill level 11 in Long Blades
  7038 | Lair:2   | Noticed an ice dragon
  7059 | Lair:2   | Slain by an ice dragon

Skill      XL: |  1  2  3  4  5  6  7  8  9 10 |
---------------+-------------------------------+-----
Armour         | 4 5 6 8 |  8.6
Shields        | 4 5 6 7 9 |  9.6
Fighting       | 4 5 6 7 |  7.7
Long Blades    | 3 4 5 7 9 10 11 | 11.4
Dodging        | 1 2 3 4 |  4.1
Stealth        | 1 |  1.4

Action                   |  1- 3 |  4- 6 |  7- 9 | 10-12 || total
-------------------------+-------+-------+-------+-------++-------
Melee: Long sword        |    71 |   153 |   251 |    73 ||   548
       Headbutt          |    13 |    18 |    47 |    18 ||    96
  Use: Scroll            |     4 |     7 |     2 |     3 ||    16
       Potion            |     1 |     1 |     8 |       ||    10
  Eat: Bread ration      |     1 |       |     2 |     1 ||     4
       Meat ration       |       |     1 |       |       ||     1
Armor: Scale mail        |    49 |    70 |    75 |    19 ||   213
Dodge: Dodged            |    25 |    41 |    65 |    19 ||   150
Block: Shield            |    45 |    86 |   125 |    39 ||   295
       Rpst.: Long sword |    10 |    13 |    25 |     6 ||    54
